 Dungeon Crawl Stone Soup version 0.29-a0-322-g68df515428 (webtiles) character file.

Game seed: 12522242544361940485

1274 bande the Chopper (level 8, -11/49 HPs)
             Began as a Gargoyle Fighter on Apr 6, 2022.
             Was a Follower of Okawaru.
             Mangled by an orc warrior
             ... wielding a +0 long sword
              (15 damage)
             ... on level 6 of the Dungeon.
             The game lasted 00:07:40 (5912 turns).

bande the Chopper (Gargoyle Fighter)                Turns: 5912, Time: 00:07:40

Health: -11/49     AC: 15    Str: 27    XL:     8   Next: 53%
Magic:  9/9        EV:  8    Int:  8    God:    Okawaru [*.....]
Gold:   738        SH:  5    Dex: 11    Spells: 7/7 levels left

rFire   . . .      SeeInvis .   a - +1 war axe
rCold   . . .      Faith    .   c - +0 buckler
rNeg    + . .      Spirit   .   e - +0 chain mail
rPois   ∞          Reflect  .   (no helmet)
rElec   +          Harm     .   (no cloak)
rCorr   .          Rampage  .   (no gloves)
Will    .....                   (no boots)
Stlth   ..........              (no amulet)
HPRegen 0.16/turn               p - ring of flight
MPRegen 0.11/turn               s - +6 ring of strength

@: flying
A: sickness immunity, AC +5, negative energy resistance 1, electricity
resistance, torment resistance 1, petrification resistance
a: Renounce Religion, Heroism


You were on level 6 of the Dungeon.
You worshipped Okawaru.
Okawaru was aware of your devotion.
You visited 2 branches of the dungeon, and saw 7 of its levels.

You collected 738 gold pieces.

Inventory:

Hand Weapons
 a - a +1 war axe (weapon)
 i - a +0 war axe
 q - a +0 morningstar
Armour
 c - a +0 buckler (worn)
 e - a +0 chain mail (worn)
Jewellery
 p - a ring of flight (left hand)
 s - a +6 ring of strength (right hand)
Wands
 m - a wand of paralysis (12)
Scrolls
 b - 5 scrolls of teleportation
 r - a scroll of fear
 t - a scroll of amnesia
 u - a scroll of identify
Potions
 d - 2 potions of might
 f - 5 potions of curing
 g - 2 potions of magic
 h - 2 potions of haste {unknown}
 j - 2 potions of ambrosia
 k - a potion of heal wounds {unknown}
 l - a potion of mutation {unknown}
 n - 2 potions of brilliance {unknown}
 o - a potion of flight {unknown}


   Skills:
 + Level 5.2 Fighting
 + Level 6.4 Axes
 + Level 5.5 Armour
 + Level 4.6 Shields
 * Level 2.5 Invocations
 * Level 2.2 Evocations


You had 7 spell levels left.
You didn't know any spells.
Your spell library contained the following spells:

 Spells                   Type           Power      Damage    Failure   Level
 Ozocubu's Armour         Ice            0%         N/A       100%        3
 Fireball                 Conj/Fire      0%         3d3       100%        5
 Metabolic Englaciation   Hex/Ice        0%         N/A       100%        5
 Starburst                Conj/Fire      0%         6d3       100%        6
 Ignition                 Fire           0%         3d3       100%        8
 Simulacrum               Ice/Necr       Unusable   N/A       N/A         6

Dungeon Overview and Level Annotations

Branches:
Dungeon (6/15)             Temple (1/1) D:4

Altars:
Cheibriados
Dithmenos
Fedhas
Hepliaklqana
Kikubaaqudgha
Nemelex Xobeh
Okawaru
Sif Muna
Trog
Xom
Yredelemnul
Zin
The Shining One


Innate Abilities, Weirdness & Mutations

You are immune to sickness and miasma.
Your stone body is resilient. (AC +5)
You are immune to poison.
You resist negative energy. (rN+)
You are resistant to electric shocks. (rElec)
You are resistant to unholy torment.
You are immune to petrification.


Message History

The orc priest mumbles some strange prayers to Beogh against you.
Beogh smites you!
You slash the orc!
You kill the orc!
Okawaru accepts your kill.
You closely miss the orc priest.
You hit the orc warrior but do no damage.
You block the orc warrior's attack.
The orc priest hits you with a +0 falchion.
The orc warrior closely misses you.
The orc priest hits you but does no damage.
You slash the orc priest!
You kill the orc priest!
Okawaru accepts your kill.
You barely miss the orc warrior.
The orc warrior hits you with a +0 long sword!
You are too injured to fight recklessly!
You are too injured to fight recklessly!
You are too injured to fight recklessly!
You are too injured to fight recklessly!
You are too injured to fight recklessly!
You are too injured to fight recklessly!
You are too injured to fight recklessly!
You are too injured to fight recklessly!
Unknown command.
You hit the orc warrior.
The orc warrior is lightly wounded.
You slash the orc!
You kill the orc!
Okawaru accepts your kill.
The orc warrior hits you but does no damage.
You hit the orc warrior but do no damage.
The orc warrior is lightly wounded.
The orc warrior hits you with a +0 long sword!
* * * LOW HITPOINT WARNING * * *
Unknown command.
You hit the orc warrior but do no damage.
The orc warrior is lightly wounded.
The orc warrior hits you with a +0 long sword!
You die...

............#.## *,...*******
###.#.#.#...#.#####.####,,,,*
# #.......#.#...........,,,,*
# #...#####.###..#.#.##*,,,,*
##..## #.# ##.....# *,,,,* *
#.#..# #.####.#.#.#**,,,,*
**###''## #..........#*,,,,**
,*##....#######....###*,,,**
,##......## ##@#......,,*
,#..#..#..# **#o)#.###.,**
,#...##...#***,$....#*,,**
,#.).##...#,,,...#..#*,,**
##..#..#..####.####.#,,,,*
###......##.##.* *.#,,*,* #
##....##...##* *,.,,,,*
####'####.....## **.#,*,*
'......'..#.#..#****,,,,,**


You could see an orc warrior.

Vanquished Creatures
  Sigmund (D:2)
  An ogre (D:3)
  A centaur (D:5)
  A bullfrog (D:6)
  2 scorpions
  4 necrophages
  3 hounds
  A jelly (D:5)
  3 orc priests (D:6)
  4 iguanas
  A gnoll (D:6)
  12 adders
  2 ufetubi
  13 orcs
  2 ball pythons
  10 endoplasms
  7 giant cockroaches
  6 hobgoblins
  2 jackals (D:3)
  10 kobolds
  2 quokkas
  6 bats
  8 frilled lizards
  3 goblins
  A rat (D:2)
106 creatures vanquished.

Vanquished Creatures (others)
  9 plants (D:3)
9 creatures vanquished.

Grand Total: 115 creatures vanquished

Notes
Turn   | Place    | Note
-------+----------+-------------------------------------------
     0 | D:1      | bande the Gargoyle Fighter began the quest for the Orb.
     0 | D:1      | Reached XP level 1. HP: 14/14 MP: 1/1
   135 | D:1      | Reached XP level 2. HP: 19/19 MP: 2/2
   248 | D:1      | Reached skill level 2 in Axes
   940 | D:1      | Reached XP level 3. HP: 24/24 MP: 3/3
  1146 | D:2      | Noticed Sigmund
  1156 | D:2      | Killed Sigmund
  1157 | D:2      | Reached skill level 3 in Axes
  1157 | D:2      | Reached XP level 4. HP: 24/29 MP: 4/4
  1157 | D:2      | Reached XP level 5. HP: 27/33 MP: 5/5
  1231 | D:2      | Found a sparkling altar of Nemelex Xobeh.
  1609 | D:2      | Found a faded altar of an unknown god.
  1748 | D:3      | Reached skill level 4 in Axes
  2113 | D:3      | Noticed an ogre
  2124 | D:3      | Killed an ogre
  2125 | D:3      | Reached XP level 6. HP: 16/38 MP: 6/6
  2506 | D:3      | Identified the +1 robe of Sunlight {-Tele rPois SInv
                  | Archmagi}
  3507 | D:4      | Reached skill level 5 in Axes
  3507 | D:4      | Reached XP level 7. HP: 41/44 MP: 7/7
  3693 | D:4      | Found a staircase to the Ecumenical Temple.
  3845 | D:4      | Identified the +11 dagger of the Demagogue {drain, SInv}
  3939 | Temple   | Entered the Ecumenical Temple
  4013 | D:5      | Entered Level 5 of the Dungeon
  4157 | D:5      | Found an iron altar of Okawaru.
  4164 | D:5      | Became a worshipper of Warmaster Okawaru
  4537 | D:5      | Reached skill level 1 in Invocations
  4537 | D:5      | Reached skill level 1 in Evocations
  5018 | D:6      | Reached skill level 5 in Armour
  5077 | D:6      | Reached XP level 8. HP: 26/48 MP: 9/9
  5248 | D:6      | Reached skill level 5 in Fighting
  5330 | D:6      | Reached skill level 6 in Axes
  5797 | D:6      | Reached * piety under Okawaru
  5912 | D:6      | Mangled by an orc warrior

Illustrated notes

Levels and vault maps discovered:
D:1:      dpeg_arrival_stone_temple_mockup, layout_loops_ring
D:2:      layout_rooms, basic_altar, shapermc_ecumenical_altar_hornbeckon,
          corexii_shack, uniq_sigmund
D:3:      layout_loops_corners, lexackson_kobold_supper
D:4:      layout_basic, minmay_temple_entry_drinking_statues
D:5:      layout_loops_cross, okawaru_ov_weapons_minmay
D:6:      minmay_polygon_palace, layout_rooms, grunt_qazlal_sundering,
          nicolae_ru_the_path_less_chosen, nicolae_ashenzari_skybound,
          mainiacjoe_overflow_swirl, serial_glass, glass_columns_b,
          glass_columns_a, glass_columns_b, glass_columns_b, glass_columns_a,
          glass_columns_a, glass_columns_c, glass_columns_a, glass_columns_a,
          glass_columns_a, feat_on_display
Temple:   nicolae_temple_x_marks_the_god

Skill      XL: |  1  2  3  4  5  6  7  8 |
---------------+-------------------------+-----
Axes           | 2 3 4 5 6 |  6.4
Fighting       | 4 5 |  5.2
Armour         | 4 5 |  5.5
Shields        | 4 |  4.6
Invocations    | 1 2 |  2.5
Evocations     | 1 2 |  2.2

Action                   |  1- 3 |  4- 6 |  7- 9 || total
-------------------------+-------+-------+-------++-------
Melee: War axe           |    72 |   131 |   148 ||   351
  Use: Scroll            |     2 |     6 |     4 ||    12
       Potion            |     1 |       |       ||     1
Armor: Scale mail        |    26 |       |       ||    26
       Chain mail        |    18 |    84 |   107 ||   209
Dodge: Dodged            |    25 |    57 |    71 ||   153
Block: Buckler           |    19 |    33 |    41 ||    93

Table legend: (Time is in decaauts)
 A = Elapsed time spent in this place.
 B = Non-inter-level travel time spent in this place.
 C = Inter-level travel time spent in this place.
 D = Time resting spent in this place.
 E = Time spent auto-exploring this place.
 F = Levels seen in this place.
 G = Mean time per level.
                   A        B        C        D        E       F      G
               +--------+--------+--------+--------+--------+-----+--------+
         Total |   6019 |   5794 |    225 |    520 |   4350 |   7 |  859.9 |
       Dungeon |   5964 |   5739 |    225 |    520 |   4324 |   6 |  994.0 |
        Temple |     54 |     54 |      0 |      0 |     26 |   1 |   54.0 |
               +--------+--------+--------+--------+--------+-----+--------+

Top non-repeatable levels by time:
     D:3: 1343 daAuts
     D:1: 1150 daAuts
     D:5: 1014 daAuts
     D:4: 956 daAuts
     D:6: 919 daAuts
     D:2: 580 daAuts
  Temple: 54 daAuts
